Islanders vs Flames

Created - 28 janvier 2024 at 19:25

Goals
1 2 3 T
Islanders 1 1 0 2
Flames 3 0 0 3
Shots
1 2 3 T
Islanders 12 7 8 27
Flames 13 16 4 33

GoalsPenalties
1st period
1. Islanders , Rickard Rakell 23 (Frank Vatrano 14, William Borgen 10) at 5:58
2. Flames , Kiefer Sherwood 7 (Mark Jankowski 8, Brendan Smith 5) at 9:46
3. Flames , Kiefer Sherwood 8 (Mark Jankowski 9, Trevor Moore 22) at 13:01
4. Flames , Anthony Beauvillier 21 (Sam Reinhart 26, Evgeny Kuznetsov 29) at 14:28
No Penalty
2nd period
5. Islanders , Rickard Rakell 24 (Frank Vatrano 15, Brent Burns 14) at 0:41
Brendan Smith (CAL) for Hooking (Minor) at 5:44
Mark Giordano (NYI) for Slashing (Minor) at 10:39
3rd period
No Goal
Kevin Shattenkirk (NYI) for Hooking (Minor) at 2:58
Trevor Moore (CAL) for Interference (Minor) at 7:26
Goalie Stats
Linus Ullmark (NYI), 30 saves from 33 shots - (0,909), L, 23-9-3, 59:11 minutes
Sergei Bobrovsky (CAL), 25 saves from 27 shots - (0,926), W, 17-10-5, 60:00 minutes
3 StarsOfficial
1 - Kiefer Sherwood (CAL)
2 - Rickard Rakell (NYI)
3 - Mark Jankowski (CAL)
Referees : Brandon Blandina and Jean Hebert
Linesman : Derek Nansen and Travis Toomey
Game Note
17:44 of 1st period - Flames goal is going for a video replay. After video review, No Goal. The goalkeeper has been pushed into the net together with the puck after making a save.
Finance
Level 1 -- Attendance: 5186 (86,43%) -- Ticket Income $518,600
Level 2 -- Attendance: 5000 (100,00%) -- Ticket Income $300,000
Level 3 -- Attendance: 2000 (100,00%) -- Ticket Income $70,000
Level 4 -- Attendance: 3713 (92,83%) -- Ticket Income $74,260
Luxury Box -- Attendance: 962 (96,20%) -- Ticket Income $192,400
Game was played at the Ghost Rider Center.
Total Attendance: 16861 (93,67%)
Total Ticket Income: $1,155,260
Other Income: $566,077
Total Income: $1,721,337



Team Name Goals Shots Shots Attemp Shots Blocked PIM HIT PP PK FO%
Islanders 22744154240 / 2 (0%)042%
Flames 3336954280 / 2 (0%)058%

Islanders
Player Name POS G A P +/- PIM HIT SHT SB MP PP MP PP SHT PK MP PK SHT FO% FOT GA TA
Brady SkjeiD000-1000219:552:2401:5600% 003
Brent BurnsRW/D0110020121:082:2300:0700% 010
Brock NelsonC/LW000-1011017:351:4600:00044% 1800
Frank VatranoC/LW/RW0221025015:502:1200:0000% 100
Ian ColeD0000010319:460:0101:5500% 010
Jason DickinsonC/LW000-100018:490:0001:51050% 600
Jason ZuckerLW/RW0000000013:100:0000:0000% 000
Jean-Gabriel PageauC/LW/RW0000031115:500:0001:50050% 1420
Jesper FastLW/RW000-100209:580:0001:5100% 100
Joe PavelskiC/LW/RW0000026116:132:1200:000100% 100
Johnny GaudreauLW000-1022117:351:4600:0000% 010
Jordan StaalC/LW0001011016:180:0001:50042% 1200
Kevin ShattenkirkD0000210020:461:3400:4400% 001
Mark GiordanoD0000212221:121:3401:1900% 002
Morgan BarronC/LW/RW000-100007:450:0000:1700% 000
Nick SchmaltzC/LW/RW000-1011018:221:4600:1700% 201
Rickard RakellLW/RW2021046016:592:1200:00025% 400
William BorgenD011-1030318:490:0001:5500% 002
Flames
Player Name POS G A P +/- PIM HIT SHT SB MP PP MP PP SHT PK MP PK SHT FO% FOT GA TA
Anthony BeauvillierC/LW/RW101-1005117:071:4720:5700% 011
Austin WatsonC/LW/RW000202107:390:0000:000100% 100
Ben ChiarotD0001041021:140:0702:3600% 010
Blake LizotteC0000010013:080:0001:08058% 1220
Brendan SmithD0110220017:260:0001:1100% 001
Caleb JonesD0001022020:331:4111:4300% 000
Drew DoughtyD0000030121:322:1700:2100% 000
Erik BrannstromD0000000219:011:3402:0500% 001
Evgeny KuznetsovC/LW/RW0110022018:462:0410:00062% 2600
Kiefer SherwoodLW/RW202201207:560:0700:0000% 010
Mark JankowskiC/LW022200009:230:0000:3400% 400
Nick BjugstadC/RW000-1012017:210:0701:57064% 1100
Pavel ZachaC/LW0000020119:172:0400:0800% 011
Ryan DonatoC/LW0000034015:091:4701:19067% 310
Sam ReinhartC/RW0110009018:462:0420:0000% 010
Trevor MooreC/LW/RW011-1221015:461:4710:0000% 110
Tyson JostC/LW/RW0000021015:200:0701:530100% 101
Victor HedmanD0000013020:362:1700:0000% 000

Islanders

5 vs 5 Forward
Line #Left WingCenterRight WingPHYDFOFWanted %Time %Time Play
1Johnny GaudreauBrock NelsonNick Schmaltz1223432%16:17
2Jason ZuckerJean-Gabriel PageauJoe Pavelski1223228%14:02
3Frank VatranoJordan StaalRickard Rakell1222827%13:38
4Morgan BarronJason DickinsonJesper Fast131614%6:58
5 vs 5 Defense
Line #DefenseDefensePHYDFOFWanted %Time %Time Play
1Ian ColeBrent Burns1223534%17:15
2Mark GiordanoKevin Shattenkirk1223333%16:54
3Brady SkjeiWilliam Borgen1223232%16:04
4Brady SkjeiBrent Burns12201%0:42
Power Play Forward
Line #Left WingCenterRight WingPHYDFOFWanted %Time %Time Play
1Frank VatranoJoe PavelskiRickard Rakell0055055%2:12
2Johnny GaudreauBrock NelsonNick Schmaltz0055045%1:46
Power Play Defense
Line #DefenseDefensePHYDFOFWanted %Time %Time Play
1Brady SkjeiBrent Burns0147061%2:24
2Mark GiordanoKevin Shattenkirk0143039%1:34
Penalty Kill 4 Players Forward
Line #CenterWingPHYDFOFWanted %Time %Time Play
1Jason DickinsonJesper Fast1405051%2:01
2Jordan StaalJean-Gabriel Pageau1405049%1:57
Penalty Kill 4 Players Defense
Line #DefenseDefensePHYDFOFWanted %Time %Time Play
1Ian ColeWilliam Borgen1405048%1:55
2Mark GiordanoKevin Shattenkirk1405052%2:03
Penalty Kill 3 Players
Line #WingPHYDFOFWanted %Time %Time PlayDefenseDefensePHYDFOFWanted %Time %Time Play
1Jordan Staal140500%0:00 Ian ColeWilliam Borgen140500%0:00
2Jean-Gabriel Pageau140500%0:00 Mark GiordanoKevin Shattenkirk140500%0:00
4 vs 4 Forward
Line #CenterWingPHYDFOFWanted %Time %Time Play
1Brock NelsonJohnny Gaudreau122500%0:00
2Jean-Gabriel PageauJoe Pavelski122500%0:00
4 vs 4 Defense
Line #DefensePHYDFOFWanted %Time %Time Play
1Ian ColeBrent Burns122500%0:00
2Mark GiordanoKevin Shattenkirk122500%0:00
Last Minutes Offensive
Left WingCenterRight WingDefenseDefense
Johnny GaudreauBrock NelsonJoe PavelskiBrady SkjeiBrent Burns
Last Minutes Defensive
Left WingCenterRight WingDefenseDefense
Jason DickinsonJordan StaalJean-Gabriel PageauIan ColeWilliam Borgen
Time
Total ForwardTotal DefenseLast Minutes OffensiveLast Minutes Defensive
60:00 60:00 1:090:00
Extra Forwards
Normal PowerPlayPenalty Kill
Brock Nelson, Joe Pavelski, Rickard RakellJason Zucker, Jean-Gabriel PageauMorgan Barron
Extra Defensemen
Normal PowerPlayPenalty Kill
Brent Burns, Kevin Shattenkirk, Brady SkjeiIan Cole, Brady SkjeiBrent Burns
Penalty Shots
Mark Giordano, Joe Pavelski, Rickard Rakell, Kevin Shattenkirk, Jesper Fast
Goalie
Linus Ullmark, Scott Wedgewood
Custom OT Lines Forwards
Brock Nelson, Johnny Gaudreau, Joe Pavelski, Nick Schmaltz, Jean-Gabriel Pageau, Jason Zucker, Jordan Staal, Rickard Rakell, Jason Dickinson, Frank Vatrano
Custom OT Lines Defensemen
Brent Burns, Brady Skjei, Mark Giordano, Kevin Shattenkirk, Ian Cole
Scratches
Tomas Nosek (Healthy), Colin Miller (Healthy)

Flames

5 vs 5 Forward
Line #Left WingCenterRight WingPHYDFOFWanted %Time %Time Play
1Pavel ZachaEvgeny KuznetsovSam Reinhart0143534%17:18
2Anthony BeauvillierNick BjugstadTrevor Moore0233027%13:57
3Ryan DonatoBlake LizotteTyson Jost0232224%12:00
4Austin WatsonMark JankowskiKiefer Sherwood2211315%7:39
5 vs 5 Defense
Line #DefenseDefensePHYDFOFWanted %Time %Time Play
1Victor HedmanDrew Doughty0233636%18:32
2Ben ChiarotCaleb Jones0233434%17:05
3Brendan SmithErik Brannstrom0322627%13:52
4Erik BrannstromBen Chiarot03243%1:25
Power Play Forward
Line #Left WingCenterRight WingPHYDFOFWanted %Time %Time Play
1Pavel ZachaEvgeny KuznetsovSam Reinhart0056055%2:11
2Trevor MooreRyan DonatoAnthony Beauvillier0054045%1:47
Power Play Defense
Line #DefenseDefensePHYDFOFWanted %Time %Time Play
1Victor HedmanDrew Doughty0146061%2:24
2Caleb JonesErik Brannstrom0144039%1:34
Penalty Kill 4 Players Forward
Line #CenterWingPHYDFOFWanted %Time %Time Play
1Nick BjugstadTyson Jost0506086%3:24
2Blake LizotteMark Jankowski0504014%0:34
Penalty Kill 4 Players Defense
Line #DefenseDefensePHYDFOFWanted %Time %Time Play
1Ben ChiarotBrendan Smith1406074%2:57
2Erik BrannstromCaleb Jones1404026%1:01
Penalty Kill 3 Players
Line #WingPHYDFOFWanted %Time %Time PlayDefenseDefensePHYDFOFWanted %Time %Time Play
1Nick Bjugstad050600%0:00 Brendan SmithBen Chiarot050600%0:00
2Mark Jankowski050400%0:00 Victor HedmanCaleb Jones050400%0:00
4 vs 4 Forward
Line #CenterWingPHYDFOFWanted %Time %Time Play
1Evgeny KuznetsovSam Reinhart014600%0:00
2Pavel ZachaAnthony Beauvillier023400%0:00
4 vs 4 Defense
Line #DefensePHYDFOFWanted %Time %Time Play
1Victor HedmanBen Chiarot023600%0:00
2Erik BrannstromCaleb Jones032400%0:00
Last Minutes Offensive
Left WingCenterRight WingDefenseDefense
Pavel ZachaEvgeny KuznetsovSam ReinhartVictor HedmanDrew Doughty
Last Minutes Defensive
Left WingCenterRight WingDefenseDefense
Mark JankowskiNick BjugstadTyson JostBen ChiarotBrendan Smith
Time
Total ForwardTotal DefenseLast Minutes OffensiveLast Minutes Defensive
60:00 60:00 0:001:10
Extra Forwards
Normal PowerPlayPenalty Kill
Sam Reinhart, Evgeny Kuznetsov, Pavel ZachaTrevor Moore, Nick BjugstadBlake Lizotte
Extra Defensemen
Normal PowerPlayPenalty Kill
Victor Hedman, Drew Doughty, Brendan SmithBen Chiarot, Erik BrannstromCaleb Jones
Penalty Shots
Sam Reinhart, Trevor Moore, Pavel Zacha, Ben Chiarot, Caleb Jones
Goalie
Sergei Bobrovsky, Petr Mrazek
Custom OT Lines Forwards
Sam Reinhart, Pavel Zacha, Evgeny Kuznetsov, Anthony Beauvillier, Trevor Moore, Ryan Donato, Nick Bjugstad, Blake Lizotte, Tyson Jost, Kiefer Sherwood
Custom OT Lines Defensemen
Victor Hedman, Drew Doughty, Erik Brannstrom, Ben Chiarot, Brendan Smith
Scratches
Noah Gregor (Healthy), Radim Simek (Healthy), Alex Lyon (Healthy)


Play-by-Play

1st period


0:01 of 1st period - Brock Nelson wins face-off versus Evgeny Kuznetsov in neutral zone.
0:17 of 1st period - Snap shot by Pavel Zacha.
0:17 of 1st period - Shot Hit the Post.
0:37 of 1st period - Snap shot by Nick Bjugstad.
0:37 of 1st period - Stopped by Linus Ullmark without a rebound.
0:38 of 1st period - Jordan Staal wins face-off versus Ryan Donato in Islanders zone.
0:42 of 1st period - Icing by Jordan Staal.
0:43 of 1st period - Blake Lizotte wins face-off versus Jordan Staal in Islanders zone.
0:50 of 1st period - Brendan Smith is hit by Frank Vatrano.
2:25 of 1st period - Off-side.
2:26 of 1st period - Evgeny Kuznetsov wins face-off versus Jordan Staal in neutral zone.
2:37 of 1st period - Wrist shot by Jordan Staal.
2:37 of 1st period - Stopped by Sergei Bobrovsky without a rebound.
2:38 of 1st period - Evgeny Kuznetsov wins face-off versus Jean-Gabriel Pageau in Flames zone.
2:48 of 1st period - Off-side.
2:49 of 1st period - Jordan Staal wins face-off versus Blake Lizotte in neutral zone.
2:56 of 1st period - Off-side.
2:57 of 1st period - Blake Lizotte wins face-off versus Rickard Rakell in neutral zone.
3:00 of 1st period - Snap shot by Ryan Donato.
3:00 of 1st period - Stopped by Linus Ullmark with a rebound.
3:02 of 1st period - Wrist shot by Caleb Jones.
3:02 of 1st period - Stopped by Linus Ullmark with a rebound.
3:04 of 1st period - Slapshot by Ben Chiarot.
3:04 of 1st period - Stopped by Linus Ullmark without a rebound.
3:05 of 1st period - Jean-Gabriel Pageau wins face-off versus Evgeny Kuznetsov in Islanders zone.
3:31 of 1st period - Mark Giordano is hit by Tyson Jost and loses puck.
3:44 of 1st period - Wrist shot by Ryan Donato.
3:44 of 1st period - Shot Misses the Net.
4:38 of 1st period - Ian Cole is hit by Nick Bjugstad and loses puck.
5:10 of 1st period - Icing by Caleb Jones.
5:11 of 1st period - Brock Nelson wins face-off versus Mark Jankowski in Flames zone.
5:24 of 1st period - Wrist shot by Brock Nelson.
5:24 of 1st period - Shot Misses the Net.
5:38 of 1st period - Jason Zucker is hit by Ben Chiarot.
5:58 of 1st period - Snap shot by Rickard Rakell.
5:58 of 1st period - Goal by Rickard Rakell - Islanders : 1 - Flames : 0.
5:59 of 1st period - Evgeny Kuznetsov wins face-off versus Jean-Gabriel Pageau in neutral zone.
6:35 of 1st period - Brady Skjei is hit by Drew Doughty and loses puck.
7:30 of 1st period - Off-side.
7:31 of 1st period - Austin Watson wins face-off versus Jason Dickinson in neutral zone.
7:44 of 1st period - Slapshot by Victor Hedman.
7:44 of 1st period - Stopped by Linus Ullmark with a rebound.
7:46 of 1st period - Snap shot by Kiefer Sherwood.
7:46 of 1st period - Shot Misses the Net.
7:56 of 1st period - Trevor Moore is hit by Johnny Gaudreau and loses puck.
8:44 of 1st period - Wrist shot by Joe Pavelski.
8:44 of 1st period - Shot Blocked by Erik Brannstrom.
8:46 of 1st period - Wrist shot by Joe Pavelski.
8:46 of 1st period - Stopped by Sergei Bobrovsky with a rebound.
9:44 of 1st period - Wrist shot by Mark Jankowski.
9:44 of 1st period - Shot Blocked by Brady Skjei.
9:46 of 1st period - Snap shot by Kiefer Sherwood.
9:46 of 1st period - Goal by Kiefer Sherwood - Islanders : 1 - Flames : 1.
9:47 of 1st period - Evgeny Kuznetsov wins face-off versus Brock Nelson in neutral zone.
10:02 of 1st period - Sam Reinhart is hit by Nick Schmaltz and loses puck.
10:13 of 1st period - William Borgen is hit by Caleb Jones and loses puck.
11:37 of 1st period - Icing by Johnny Gaudreau.
11:38 of 1st period - Nick Bjugstad wins face-off versus Brock Nelson in Islanders zone.
11:47 of 1st period - Snap shot by Anthony Beauvillier.
11:47 of 1st period - Stopped by Linus Ullmark without a rebound.
11:48 of 1st period - Nick Bjugstad wins face-off versus Jean-Gabriel Pageau in Islanders zone.
11:51 of 1st period - Wrist shot by Nick Bjugstad.
11:51 of 1st period - Shot Blocked by Brady Skjei.
11:53 of 1st period - Snap shot by Nick Bjugstad.
11:53 of 1st period - Stopped by Linus Ullmark without a rebound.
11:54 of 1st period - Blake Lizotte wins face-off versus Jean-Gabriel Pageau in Islanders zone.
12:31 of 1st period - Slapshot by Rickard Rakell.
12:31 of 1st period - Shot Misses the Net.
13:01 of 1st period - Snap shot by Kiefer Sherwood.
13:01 of 1st period - Goal by Kiefer Sherwood - Islanders : 1 - Flames : 2.
13:02 of 1st period - Blake Lizotte wins face-off versus Jean-Gabriel Pageau in neutral zone.
13:05 of 1st period - Snap shot by Ryan Donato.
13:05 of 1st period - Stopped by Linus Ullmark with a rebound.
13:28 of 1st period - Jean-Gabriel Pageau is hit by Drew Doughty and loses puck.
13:44 of 1st period - Icing by Brent Burns.
13:45 of 1st period - Jean-Gabriel Pageau wins face-off versus Evgeny Kuznetsov in Islanders zone.
13:50 of 1st period - Wrist shot by Joe Pavelski.
13:50 of 1st period - Stopped by Sergei Bobrovsky with a rebound.
13:52 of 1st period - Wrist shot by Joe Pavelski.
13:52 of 1st period - Deflect By Jason Zucker.
13:52 of 1st period - Shot Misses the Net.
13:52 of 1st period - Puck is out of play.
13:53 of 1st period - Jordan Staal wins face-off versus Evgeny Kuznetsov in Flames zone.
13:56 of 1st period - Wrist shot by Rickard Rakell.
13:56 of 1st period - Stopped by Sergei Bobrovsky with a rebound.
14:28 of 1st period - Snap shot by Anthony Beauvillier.
14:28 of 1st period - Goal by Anthony Beauvillier - Islanders : 1 - Flames : 3.
14:29 of 1st period - Brock Nelson wins face-off versus Blake Lizotte in neutral zone.
14:36 of 1st period - Snap shot by Ryan Donato.
14:36 of 1st period - Stopped by Linus Ullmark without a rebound.
14:37 of 1st period - Blake Lizotte wins face-off versus Brock Nelson in Islanders zone.
15:02 of 1st period - Wrist shot by Anthony Beauvillier.
15:02 of 1st period - Shot Misses the Net.
15:28 of 1st period - Slapshot by Kiefer Sherwood.
15:28 of 1st period - Deflect By Austin Watson.
15:28 of 1st period - Shot Misses the Net.
15:28 of 1st period - Puck is out of play.
15:29 of 1st period - Brock Nelson wins face-off versus Mark Jankowski in Islanders zone.
15:29 of 1st period - Brock Nelson is hit by Austin Watson.
15:39 of 1st period - Snap shot by Nick Schmaltz.
15:39 of 1st period - Stopped by Sergei Bobrovsky with a rebound.
15:41 of 1st period - Slapshot by Johnny Gaudreau.
15:41 of 1st period - Stopped by Sergei Bobrovsky without a rebound.
15:42 of 1st period - Jean-Gabriel Pageau wins face-off versus Evgeny Kuznetsov in Flames zone.
15:51 of 1st period - Slapshot by Pavel Zacha.
15:51 of 1st period - Shot Blocked by Joe Pavelski.
16:09 of 1st period - William Borgen is hit by Trevor Moore and loses puck.
16:34 of 1st period - Snap shot by Jordan Staal.
16:34 of 1st period - Shot Misses the Net.
17:22 of 1st period - Wrist shot by Jesper Fast.
17:22 of 1st period - Shot Misses the Net.
17:42 of 1st period - Wrist shot by Sam Reinhart.
17:42 of 1st period - Shot Misses the Net.
17:44 of 1st period - Wrist shot by Anthony Beauvillier.
17:44 of 1st period - Flames goal is going for a video replay.
17:44 of 1st period - The goal is refused. The goalkeeper has been pushed into the net together with the puck after making a save..
17:45 of 1st period - Jean-Gabriel Pageau wins face-off versus Trevor Moore in Islanders zone.
18:20 of 1st period - Wrist shot by Trevor Moore.
18:20 of 1st period - Shot Blocked by Brent Burns.
18:38 of 1st period - Snap shot by Frank Vatrano.
18:38 of 1st period - Stopped by Sergei Bobrovsky with a rebound.
18:40 of 1st period - Slapshot by Kevin Shattenkirk.
18:40 of 1st period - Shot Blocked by Erik Brannstrom.
18:42 of 1st period - Slapshot by Mark Giordano.
18:42 of 1st period - Deflect By Tyson Jost.
18:42 of 1st period - Stopped by Sergei Bobrovsky with a rebound.
18:44 of 1st period - Snap shot by Frank Vatrano.
18:44 of 1st period - Stopped by Sergei Bobrovsky without a rebound.
18:45 of 1st period - Evgeny Kuznetsov wins face-off versus Jordan Staal in Flames zone.
18:52 of 1st period - Pavel Zacha is hit by Jordan Staal and loses puck.
18:57 of 1st period - Snap shot by Rickard Rakell.
18:57 of 1st period - Deflect By Frank Vatrano.
18:57 of 1st period - Stopped by Sergei Bobrovsky with a rebound.
18:59 of 1st period - Wrist shot by Frank Vatrano.
18:59 of 1st period - Stopped by Sergei Bobrovsky with a rebound.
19:14 of 1st period - Off-side.
19:15 of 1st period - Nick Bjugstad wins face-off versus Nick Schmaltz in neutral zone.
Goals for this period are 1 for Islanders vs 3 for Flames.
Shots for this period are 12 for Islanders vs 13 for Flames.

2nd period


0:01 of 2nd period - Jean-Gabriel Pageau wins face-off versus Evgeny Kuznetsov in neutral zone.
0:04 of 2nd period - Wrist shot by Jason Zucker.
0:04 of 2nd period - Shot Hit the Post.
0:33 of 2nd period - Slapshot by Trevor Moore.
0:33 of 2nd period - Deflect By Anthony Beauvillier.
0:33 of 2nd period - Shot Misses the Net.
0:33 of 2nd period - Puck is out of play.
0:34 of 2nd period - Jordan Staal wins face-off versus Nick Bjugstad in Islanders zone.
0:41 of 2nd period - Snap shot by Rickard Rakell.
0:41 of 2nd period - Goal by Rickard Rakell - Islanders : 2 - Flames : 3.
0:42 of 2nd period - Evgeny Kuznetsov wins face-off versus Brock Nelson in neutral zone.
0:54 of 2nd period - Pavel Zacha is hit by Ian Cole and loses puck.
1:09 of 2nd period - Rickard Rakell is hit by Ryan Donato and loses puck.
1:30 of 2nd period - Off-side.
1:31 of 2nd period - Jean-Gabriel Pageau wins face-off versus Nick Bjugstad in neutral zone.
1:43 of 2nd period - Snap shot by Jean-Gabriel Pageau.
1:43 of 2nd period - Shot Misses the Net.
1:45 of 2nd period - Slapshot by Joe Pavelski.
1:45 of 2nd period - Stopped by Sergei Bobrovsky with a rebound.
1:47 of 2nd period - Snap shot by Jean-Gabriel Pageau.
1:47 of 2nd period - Stopped by Sergei Bobrovsky without a rebound.
1:48 of 2nd period - Evgeny Kuznetsov wins face-off versus Brock Nelson in Flames zone.
1:59 of 2nd period - Slapshot by Evgeny Kuznetsov.
1:59 of 2nd period - Shot Blocked by Mark Giordano.
2:01 of 2nd period - Slapshot by Pavel Zacha.
2:01 of 2nd period - Shot Misses the Net.
2:15 of 2nd period - Caleb Jones is hit by Rickard Rakell and loses puck.
2:38 of 2nd period - Snap shot by Joe Pavelski.
2:38 of 2nd period - Stopped by Sergei Bobrovsky with a rebound.
2:40 of 2nd period - Wrist shot by Joe Pavelski.
2:40 of 2nd period - Stopped by Sergei Bobrovsky without a rebound.
2:41 of 2nd period - Evgeny Kuznetsov wins face-off versus Brock Nelson in Flames zone.
2:54 of 2nd period - Snap shot by Sam Reinhart.
2:54 of 2nd period - Stopped by Linus Ullmark with a rebound.
3:33 of 2nd period - Off-side.
3:34 of 2nd period - Jason Dickinson wins face-off versus Mark Jankowski in neutral zone.
3:44 of 2nd period - Off-side.
3:45 of 2nd period - Blake Lizotte wins face-off versus Jordan Staal in neutral zone.
3:58 of 2nd period - Wrist shot by Tyson Jost.
3:58 of 2nd period - Stopped by Linus Ullmark with a rebound.
4:00 of 2nd period - Slapshot by Tyson Jost.
4:00 of 2nd period - Shot Misses the Net.
4:16 of 2nd period - Evgeny Kuznetsov is hit by William Borgen and loses puck.
4:21 of 2nd period - Snap shot by Brock Nelson.
4:21 of 2nd period - Shot Blocked by Drew Doughty.
4:31 of 2nd period - Nick Bjugstad is hit by Joe Pavelski and loses puck.
5:20 of 2nd period - Snap shot by Ryan Donato.
5:20 of 2nd period - Stopped by Linus Ullmark without a rebound.
5:21 of 2nd period - Tyson Jost wins face-off versus Brock Nelson in Islanders zone.
5:44 of 2nd period - Minor Penalty to Brendan Smith for Hooking.
5:45 of 2nd period - Joe Pavelski wins face-off versus Nick Bjugstad in Flames zone.
7:01 of 2nd period - Ryan Donato is hit by Rickard Rakell and loses puck.
7:44 of 2nd period - Penalty to Brendan Smith is over, Brendan Smith is back on ice.
7:58 of 2nd period - Snap shot by Jesper Fast.
7:58 of 2nd period - Shot Blocked by Pavel Zacha.
8:44 of 2nd period - Jason Dickinson is hit by Ryan Donato.
8:59 of 2nd period - Brent Burns is hit by Evgeny Kuznetsov and loses puck.
9:17 of 2nd period - Jason Zucker is hit by Austin Watson.
9:27 of 2nd period - Caleb Jones is hit by Rickard Rakell and loses puck.
9:52 of 2nd period - Sam Reinhart is hit by William Borgen and loses puck.
10:13 of 2nd period - Blake Lizotte is hit by Jean-Gabriel Pageau and loses puck.
10:21 of 2nd period - Icing by Blake Lizotte.
10:22 of 2nd period - Jordan Staal wins face-off versus Mark Jankowski in Flames zone.
10:31 of 2nd period - Drew Doughty is hit by Frank Vatrano and loses puck.
10:39 of 2nd period - Minor Penalty to Mark Giordano for Slashing.
10:40 of 2nd period - Evgeny Kuznetsov wins face-off versus Jason Dickinson in Islanders zone.
10:46 of 2nd period - Snap shot by Sam Reinhart.
10:46 of 2nd period - Shot Blocked by William Borgen.
10:48 of 2nd period - Snap shot by Sam Reinhart.
10:48 of 2nd period - Stopped by Linus Ullmark without a rebound.
10:49 of 2nd period - Jason Dickinson wins face-off versus Evgeny Kuznetsov in Islanders zone.
11:35 of 2nd period - Slapshot by Evgeny Kuznetsov.
11:35 of 2nd period - Stopped by Linus Ullmark without a rebound.
11:36 of 2nd period - Ryan Donato wins face-off versus Jesper Fast in Islanders zone.
11:37 of 2nd period - Wrist shot by Trevor Moore.
11:37 of 2nd period - Deflect By Anthony Beauvillier.
11:37 of 2nd period - Stopped by Linus Ullmark with a rebound.
11:39 of 2nd period - Snap shot by Anthony Beauvillier.
11:39 of 2nd period - Stopped by Linus Ullmark without a rebound.
11:40 of 2nd period - Ryan Donato wins face-off versus Jason Dickinson in Islanders zone.
12:06 of 2nd period - Wrist shot by Trevor Moore.
12:06 of 2nd period - Shot Misses the Net.
12:08 of 2nd period - Slapshot by Caleb Jones.
12:08 of 2nd period - Shot Misses the Net.
12:10 of 2nd period - Wrist shot by Ryan Donato.
12:10 of 2nd period - Shot Misses the Net.
12:12 of 2nd period - Snap shot by Trevor Moore.
12:12 of 2nd period - Shot Misses the Net.
12:14 of 2nd period - Snap shot by Ryan Donato.
12:14 of 2nd period - Shot Misses the Net.
12:28 of 2nd period - Slapshot by Erik Brannstrom.
12:28 of 2nd period - Shot Misses the Net.
12:30 of 2nd period - Snap shot by Caleb Jones.
12:30 of 2nd period - Stopped by Linus Ullmark without a rebound.
12:31 of 2nd period - Evgeny Kuznetsov wins face-off versus Jordan Staal in Islanders zone.
12:34 of 2nd period - Wrist shot by Pavel Zacha.
12:34 of 2nd period - Shot Blocked by William Borgen.
12:36 of 2nd period - Slapshot by Sam Reinhart.
12:36 of 2nd period - Stopped by Linus Ullmark without a rebound.
12:37 of 2nd period - Evgeny Kuznetsov wins face-off versus Jordan Staal in Islanders zone.
12:39 of 2nd period - Penalty to Mark Giordano is over, Mark Giordano is back on ice.
12:44 of 2nd period - Snap shot by Sam Reinhart.
12:44 of 2nd period - Stopped by Linus Ullmark with a rebound.
13:16 of 2nd period - Wrist shot by Evgeny Kuznetsov.
13:16 of 2nd period - Stopped by Linus Ullmark with a rebound.
13:18 of 2nd period - Slapshot by Evgeny Kuznetsov.
13:18 of 2nd period - Shot Blocked by Ian Cole.
13:20 of 2nd period - Slapshot by Victor Hedman.
13:20 of 2nd period - Stopped by Linus Ullmark with a rebound.
13:22 of 2nd period - Snap shot by Pavel Zacha.
13:22 of 2nd period - Shot Misses the Net.
13:26 of 2nd period - Snap shot by Sam Reinhart.
13:26 of 2nd period - Shot Misses the Net.
13:28 of 2nd period - Wrist shot by Pavel Zacha.
13:28 of 2nd period - Deflect By Sam Reinhart.
13:28 of 2nd period - Stopped by Linus Ullmark without a rebound.
13:29 of 2nd period - Nick Bjugstad wins face-off versus Nick Schmaltz in Islanders zone.
13:46 of 2nd period - Nick Bjugstad is hit by Johnny Gaudreau and loses puck.
14:05 of 2nd period - Snap shot by Morgan Barron.
14:05 of 2nd period - Shot Misses the Net.
14:07 of 2nd period - Snap shot by Jason Dickinson.
14:07 of 2nd period - Shot Misses the Net.
14:25 of 2nd period - Backhand shot by Austin Watson.
14:25 of 2nd period - Stopped by Linus Ullmark without a rebound.
14:26 of 2nd period - Brock Nelson wins face-off versus Nick Bjugstad in Islanders zone.
14:26 of 2nd period - Brock Nelson is hit by Trevor Moore.
14:32 of 2nd period - Slapshot by Trevor Moore.
14:32 of 2nd period - Shot Blocked by Ian Cole.
15:14 of 2nd period - Brent Burns is hit by Pavel Zacha and loses puck.
15:25 of 2nd period - Backhand shot by Sam Reinhart.
15:25 of 2nd period - Deflect By Ian Cole.
15:25 of 2nd period - Shot Blocked by Johnny Gaudreau.
15:25 of 2nd period - Puck is out of play.
15:26 of 2nd period - Nick Bjugstad wins face-off versus Rickard Rakell in Islanders zone.
15:53 of 2nd period - Kevin Shattenkirk is hit by Pavel Zacha.
16:19 of 2nd period - Brady Skjei is hit by Brendan Smith.
16:42 of 2nd period - Wrist shot by Rickard Rakell.
16:42 of 2nd period - Shot Blocked by Anthony Beauvillier.
16:54 of 2nd period - Nick Bjugstad is hit by Mark Giordano and loses puck.
17:23 of 2nd period - Slapshot by Sam Reinhart.
17:23 of 2nd period - Stopped by Linus Ullmark with a rebound.
17:25 of 2nd period - Wrist shot by Sam Reinhart.
17:25 of 2nd period - Shot Misses the Net.
17:27 of 2nd period - Snap shot by Sam Reinhart.
17:27 of 2nd period - Deflect By Pavel Zacha.
17:27 of 2nd period - Shot Blocked by Ian Cole.
17:27 of 2nd period - Puck is out of play.
17:28 of 2nd period - Brock Nelson wins face-off versus Blake Lizotte in Islanders zone.
17:35 of 2nd period - Ben Chiarot is hit by William Borgen and loses puck.
18:54 of 2nd period - Snap shot by Rickard Rakell.
18:54 of 2nd period - Shot Misses the Net.
19:17 of 2nd period - Snap shot by Frank Vatrano.
19:17 of 2nd period - Stopped by Sergei Bobrovsky with a rebound.
19:19 of 2nd period - Wrist shot by Mark Giordano.
19:19 of 2nd period - Stopped by Sergei Bobrovsky without a rebound.
19:20 of 2nd period - Brock Nelson wins face-off versus Evgeny Kuznetsov in Flames zone.
19:26 of 2nd period - Icing by Evgeny Kuznetsov.
19:27 of 2nd period - Evgeny Kuznetsov wins face-off versus Brock Nelson in Flames zone.
19:32 of 2nd period - Snap shot by Sam Reinhart.
19:32 of 2nd period - Stopped by Linus Ullmark with a rebound.
Goals for this period are 1 for Islanders vs 0 for Flames.
Shots for this period are 7 for Islanders vs 16 for Flames.

3rd period


0:01 of 3rd period - Jean-Gabriel Pageau wins face-off versus Evgeny Kuznetsov in neutral zone.
0:16 of 3rd period - Kevin Shattenkirk is hit by Evgeny Kuznetsov.
1:48 of 3rd period - Wrist shot by Rickard Rakell.
1:48 of 3rd period - Stopped by Sergei Bobrovsky with a rebound.
2:10 of 3rd period - Trevor Moore is hit by Brent Burns and loses puck.
2:33 of 3rd period - Off-side.
2:34 of 3rd period - Blake Lizotte wins face-off versus Jean-Gabriel Pageau in neutral zone.
2:41 of 3rd period - Slapshot by Victor Hedman.
2:41 of 3rd period - Deflect By Jason Zucker.
2:41 of 3rd period - Stopped by Linus Ullmark without a rebound.
2:42 of 3rd period - Evgeny Kuznetsov wins face-off versus Jean-Gabriel Pageau in Islanders zone.
2:43 of 3rd period - Wrist shot by Sam Reinhart.
2:43 of 3rd period - Stopped by Linus Ullmark with a rebound.
2:58 of 3rd period - Minor Penalty to Kevin Shattenkirk for Hooking.
2:59 of 3rd period - Evgeny Kuznetsov wins face-off versus Jordan Staal in Islanders zone.
3:25 of 3rd period - Mark Giordano is hit by Victor Hedman and loses puck.
3:30 of 3rd period - Snap shot by Trevor Moore.
3:30 of 3rd period - Shot Blocked by Mark Giordano.
3:32 of 3rd period - Snap shot by Trevor Moore.
3:32 of 3rd period - Shot Blocked by Jean-Gabriel Pageau.
3:34 of 3rd period - Wrist shot by Trevor Moore.
3:34 of 3rd period - Stopped by Linus Ullmark with a rebound.
4:58 of 3rd period - Penalty to Kevin Shattenkirk is over, Kevin Shattenkirk is back on ice.
5:01 of 3rd period - Brady Skjei is hit by Ben Chiarot.
5:20 of 3rd period - Nick Schmaltz is hit by Caleb Jones and loses puck.
5:49 of 3rd period - Evgeny Kuznetsov is hit by Jean-Gabriel Pageau and loses puck.
6:00 of 3rd period - Snap shot by Sam Reinhart.
6:00 of 3rd period - Shot Misses the Net.
7:14 of 3rd period - Drew Doughty is hit by Kevin Shattenkirk and loses puck.
7:26 of 3rd period - Minor Penalty to Trevor Moore for Interference.
7:27 of 3rd period - Nick Bjugstad wins face-off versus Frank Vatrano in Flames zone.
7:41 of 3rd period - Wrist shot by Joe Pavelski.
7:41 of 3rd period - Shot Misses the Net.
7:57 of 3rd period - Brendan Smith is hit by Brent Burns and loses puck.
8:46 of 3rd period - Johnny Gaudreau is hit by Blake Lizotte and loses puck.
9:26 of 3rd period - Penalty to Trevor Moore is over, Trevor Moore is back on ice.
9:38 of 3rd period - Jason Dickinson is hit by Ben Chiarot and loses puck.
9:45 of 3rd period - Wrist shot by Sam Reinhart.
9:45 of 3rd period - Stopped by Linus Ullmark with a rebound.
9:55 of 3rd period - Victor Hedman is hit by Jean-Gabriel Pageau.
11:33 of 3rd period - Wrist shot by Evgeny Kuznetsov.
11:33 of 3rd period - Shot Misses the Net.
11:35 of 3rd period - Slapshot by Brendan Smith.
11:35 of 3rd period - Shot Blocked by Jason Dickinson.
11:44 of 3rd period - Off-side.
11:45 of 3rd period - Brock Nelson wins face-off versus Blake Lizotte in neutral zone.
11:50 of 3rd period - Ben Chiarot is hit by Brock Nelson and loses puck.
12:11 of 3rd period - Sam Reinhart is hit by Rickard Rakell.
12:58 of 3rd period - William Borgen is hit by Kiefer Sherwood and loses puck.
13:33 of 3rd period - Jesper Fast is hit by Brendan Smith and loses puck.
14:44 of 3rd period - Snap shot by Johnny Gaudreau.
14:44 of 3rd period - Stopped by Sergei Bobrovsky with a rebound.
14:53 of 3rd period - Icing by Caleb Jones.
14:54 of 3rd period - Jason Dickinson wins face-off versus Evgeny Kuznetsov in Flames zone.
14:55 of 3rd period - Snap shot by Jesper Fast.
14:55 of 3rd period - Stopped by Sergei Bobrovsky with a rebound.
15:09 of 3rd period - Snap shot by Jesper Fast.
15:09 of 3rd period - Stopped by Sergei Bobrovsky with a rebound.
15:19 of 3rd period - Jordan Staal is hit by Ryan Donato and loses puck.
15:42 of 3rd period - Wrist shot by Johnny Gaudreau.
15:42 of 3rd period - Shot Misses the Net.
15:48 of 3rd period - Slapshot by Brock Nelson.
15:48 of 3rd period - Stopped by Sergei Bobrovsky without a rebound.
15:49 of 3rd period - Evgeny Kuznetsov wins face-off versus Brock Nelson in Flames zone.
16:01 of 3rd period - Off-side.
16:02 of 3rd period - Rickard Rakell wins face-off versus Blake Lizotte in neutral zone.
16:17 of 3rd period - Wrist shot by Rickard Rakell.
16:17 of 3rd period - Stopped by Sergei Bobrovsky without a rebound.
16:18 of 3rd period - Evgeny Kuznetsov wins face-off versus Brock Nelson in Flames zone.
16:44 of 3rd period - Rickard Rakell is hit by Drew Doughty and loses puck.
17:13 of 3rd period - Jean-Gabriel Pageau is hit by Ben Chiarot and loses puck.
17:55 of 3rd period - Snap shot by Ryan Donato.
17:55 of 3rd period - Shot Misses the Net.
17:57 of 3rd period - Snap shot by Erik Brannstrom.
17:57 of 3rd period - Shot Blocked by William Borgen.
18:56 of 3rd period - Joe Pavelski is hit by Tyson Jost and loses puck.
19:11 of 3rd period - Islanders, Linus Ullmark is pulled from the net.
19:13 of 3rd period - Snap shot by Rickard Rakell.
19:13 of 3rd period - Stopped by Sergei Bobrovsky without a rebound.
19:14 of 3rd period - Dave Hakstol call a timeout for Islanders.
19:14 of 3rd period - Nick Bjugstad wins face-off versus Rickard Rakell in Flames zone.
19:29 of 3rd period - Ben Chiarot is hit by Joe Pavelski and loses puck.
19:56 of 3rd period - Snap shot by Joe Pavelski.
19:56 of 3rd period - Stopped by Sergei Bobrovsky with a rebound.
Goals for this period are 0 for Islanders vs 0 for Flames.
Shots for this period are 8 for Islanders vs 4 for Flames.